 Dungeon Crawl Stone Soup version 0.30-a0-1103-g25895a7845 (webtiles) character file.

Game seed: 3880711291615082201

702 Jeffwins the Shooter (level 7, -1/53 HPs)
             Began as a Human Wanderer on Apr 18, 2023.
             Slain by an ogre
             ... wielding a +0 giant club
              (27 damage)
             ... on level 5 of the Dungeon.
             The game lasted 00:07:13 (3059 turns).

Jeffwins the Shooter (Human Wanderer)               Turns: 3059, Time: 00:07:14

Health: -1/53      AC:  4    Str:  9    XL:     7   Next: 98%
Magic:  8/8        EV: 11    Int: 13    God:
Gold:   205        SH:  0    Dex: 17    Spells: 7/8 levels left

rFire   . . .      SeeInvis .    a - +2 sling
rCold   . . .      Faith    .    s - orb {light}
rNeg    . . .      Spirit   .    d - +0 robe
rPois   +          Reflect  .    (no helmet)
rElec   .          Rampage  .    t - scarf {repulsion}
rCorr   .                        (no gloves)
Will    .....                    q - +1 pair of boots of the Goldsmith {rPois Regen+}
Stlth   +                        (no amulet)
HPRegen 1.08/turn                (no ring)
MPRegen 0.11/turn                (no ring)

@: glowing, repel missiles
A: no striking features
a: no special abilities


You were on level 5 of the Dungeon.
You visited 1 branch of the dungeon, and saw 5 of its levels.

You collected 205 gold pieces.


   Skills:
 + Level 3.8 Fighting
 * Level 6.8 Ranged Weapons
 - Level 1.0 Armour
 + Level 4.6 Stealth
 - Level 1.0 Spellcasting
 - Level 1.0 Transmutations
 + Level 2.1 Evocations


You had 7 spell levels left.
You knew the following spells:

 Your Spells              Type           Power      Damage    Failure   Level
e - Beastly Appendage     Tmut           6%         N/A       19%         1

Your spell library contained the following spells:

 Spells                   Type           Power      Damage    Failure   Level
 Blink                    Tloc           0%         N/A       38%         2
 Lesser Beckoning         Tloc           0%         N/A       38%         2
 Momentum Strike          Conj/Tloc      0%         3d8       38%         2
 Sublimation of Blood     Necr           0%         N/A       38%         2
 Spider Form              Tmut/Pois      1%         N/A       56%         3
 Hailstorm                Conj/Ice       0%         3d3       63%         3
 Ice Form                 Ice/Tmut       1%         N/A       92%         4
 Petrify                  Tmut/Erth      1%         N/A       92%         4
 Irradiate                Conj/Tmut      0%         3d11      99%         5
 Simulacrum               Ice/Necr       0%         N/A       100%        6

Inventory:

Hand Weapons
 a - a +2 sling (weapon)
 i - a +1 whip of draining
Missiles
 j - 11 poisoned darts
 w - 4 curare-tipped darts {=f}
Armour
 d - a +0 robe (worn)
 f - a +0 cloak
 q - the +1 pair of boots of the Goldsmith (worn) {rPois Regen+}
   (You found it on level 2 of the Dungeon)

   rPois:     It protects you from poison.
   Regen:     It increases your rate of health regeneration.
 s - an orb of light (worn)
 t - a scarf of repulsion (worn)
Magical Staves
 v - a staff of poison
Wands
 x - a wand of digging (1)
Scrolls
 b - 3 scrolls of fog {unknown}
 g - 5 scrolls of identify {unknown}
 k - 2 scrolls of vulnerability {unknown}
 l - a scroll of poison {unknown}
 m - a scroll of enchant weapon {unknown}
 n - a scroll of butterflies {unknown}
 o - 6 scrolls of teleportation {unknown}
 p - 2 scrolls of immolation {unknown}
 y - a scroll of enchant armour {unknown}
Potions
 c - 3 potions of heal wounds {@q2}
 e - a potion of flight {unknown}
 h - a potion of curing {unknown}
 u - a potion of ambrosia {unknown}

Dungeon Overview and Level Annotations

Branches:
Dungeon (5/15)
 Temple: D:4-7

Altars:
Wu Jian
Yredelemnul
Zin

Shops:
D:1 :   D:4 [ D:5

* ### #.# #.#### > .#
#....## #. .# ####..#
.. #.# ##.# #. ..#
#.# #. #.# #.#
#.###..# . #.#
#.O@..# #.. #.###
####..##...#
#...########....)#
###..##........####
##.#.............#
####.....##.##...#...
#....##.###.#
##..##..
######.##....# #.#
#.##.#
..........##.###.#
#.##.#


You could see an ogre.


Message History

The scorpion is severely wounded.
You shoot a sling bullet.
The sling bullet hits the scorpion but does no damage.
The scorpion is severely wounded.
You shoot a sling bullet. The sling bullet hits the scorpion!
You kill the scorpion!
No target in view!
No target in view!
An ogre comes into view. It is wielding a +0 giant club.
You shoot a sling bullet. The sling bullet hits the ogre.
The ogre shouts!
The ogre is lightly wounded.
No target in view!
Found a stone staircase leading down.
You shoot a sling bullet. The sling bullet hits the ogre.
The ogre is lightly wounded.
You shoot a sling bullet. The sling bullet hits the ogre!
The ogre is heavily wounded.
The ogre hits you with a +0 giant club!!
Ouch! That really hurt!
* * * LOW HITPOINT WARNING * * *
You are too injured to fight recklessly!
Unknown command.
You are too injured to fight recklessly!
Unknown command.
You shoot a sling bullet. The sling bullet hits the ogre.
The ogre is severely wounded.
The ogre hits you with a +0 giant club!!
Ouch! That really hurt!
You die...

Skill      XL: |  1  2  3  4  5  6  7 |
---------------+----------------------+-----
Fighting       | 2 3 |  3.8
Ranged Weapons | 5 6 |  6.8
Stealth        | 3 4 |  4.6
Evocations     | 1 2 |  2.1
Armour         | |  1.0
Spellcasting   | |  1.0
Transmutations | |  1.0

Action                     |  1- 3 |  4- 6 |  7- 9 || total
---------------------------+-------+-------+-------++-------
   Fire: Sling             |    84 |   163 |    32 ||   279
  Evoke: Wand              |       |     2 |     3 ||     5
    Use: Potion            |       |     2 |       ||     2
 Armour: Robe              |     8 |    14 |     1 ||    23
         Skin              |       |    10 |       ||    10
  Dodge: Dodged            |    26 |    20 |    10 ||    56
         Repelled          |       |     1 |       ||     1

Levels and vault maps discovered:
D:1:      minmay_arrival_glassed_features, layout_basic,
          chequers_serial_rivers_room_a, minmay_misc_feat_encased,
          nicolae_shop_vocational
D:2:      layout_basic, basic_altar, serial_curves, eino_curves_02,
          eino_curves_02, eino_curves_04, corexii_leaking_fountain
D:3:      layout_basic, mainiacjoe_overflow_small_starburst
D:4:      layout_loops_ring, nicolae_shop_dragon_depot
D:5:      layout_rooms, makhleb_grotto_becter, zin_purify, uniq_ijyb,
          uniq_pikel, uniq_crazy_yiuf_cottage

Notes
Turn   | Place    | Note
-------+----------+-------------------------------------------
     0 | D:1      | Jeffwins the Human Wanderer began the quest for the Orb.
     0 | D:1      | Jeffwins set off with the following items: a +2 sling, a +0
                  | pair of boots, a potion of heal wounds {@q2}, a +0 robe;
                  | and the following spell memorised: Beastly Appendage; and
                  | the following spells available to memorise: Spider Form.
     0 | D:1      | Reached XP level 1. HP: 15/15 MP: 2/2
    13 | D:1      | You fall into a shaft and drop 1 floor!
    21 | D:2      | Reached XP level 2. HP: 21/21 MP: 3/3
   187 | D:1      | Reached XP level 3. HP: 21/26 MP: 4/4
   625 | D:1      | Found Nechoidyna's Vocational Training.
   707 | D:2      | Reached XP level 4. HP: 33/33 MP: 5/5
  1004 | D:2      | Reached skill level 2 in Fighting
  1135 | D:2      | Found a basalt altar of Yredelemnul.
  1140 | D:2      | Identified the +1 pair of boots of the Goldsmith {rPois
                  | Regen+}
  1237 | D:3      | Reached skill level 5 in Ranged Weapons
  1277 | D:3      | Reached skill level 3 in Stealth
  1277 | D:3      | Reached XP level 5. HP: 38/38 MP: 6/6
  1581 | D:3      | Found an ornate altar of the Wu Jian Council.
  2021 | D:4      | Noticed an ogre
  2027 | D:4      | HP: 2/39 [ogre/+0 giant club (23)]
  2028 | D:4      | Killed an ogre
  2029 | D:4      | Reached XP level 6. HP: 4/46 MP: 7/7
  2180 | D:4      | Reached skill level 3 in Fighting
  2180 | D:4      | Reached skill level 6 in Ranged Weapons
  2737 | D:4      | Found Indra's Dragon-Slaying Spoils.
  2813 | D:5      | Entered Level 5 of the Dungeon
  2832 | D:5      | Noticed Ijyb
  2841 | D:5      | Reached skill level 4 in Stealth
  2841 | D:5      | Reached skill level 1 in Evocations
  2841 | D:5      | Reached XP level 7. HP: 45/52 MP: 8/8
  2851 | D:5      | Killed Ijyb
  2885 | D:5      | Found Zin's Purification Station.
  2888 | D:5      | Found a glowing silver altar of Zin.
  2952 | D:5      | Noticed an acid dragon
  2954 | D:5      | Killed an acid dragon
  3044 | D:5      | Reached skill level 2 in Evocations
  3059 | D:5      | Slain by an ogre

Vanquished Creatures
  An acid dragon (D:5)
  An ogre (D:4)
  A centaur (D:5)
  2 scorpions
  3 iguanas (D:5)
  Ijyb (D:5)
  An orc wizard (D:3)
  3 gnolls (D:3)
  6 adders
  A white imp (D:5)
  6 dart slugs
  5 orcs
  4 ball pythons
  7 endoplasms
  A giant cockroach (D:4)
  7 goblins
  8 hobgoblins
  10 kobolds
  10 quokkas
  7 bats
  4 frilled lizards
  5 rats
94 creatures vanquished.

Table legend: (Time is in decaauts)
 A = Elapsed time spent in this place.
 B = Non-inter-level travel time spent in this place.
 C = Inter-level travel time spent in this place.
 D = Time resting spent in this place.
 E = Time spent auto-exploring this place.
 F = Levels seen in this place.
 G = Mean time per level.
                   A        B        C        D        E       F      G
               +--------+--------+--------+--------+--------+-----+--------+
         Total |   3096 |   2930 |    166 |     37 |   2281 |   5 |  619.2 |
       Dungeon |   3096 |   2930 |    166 |     37 |   2281 |   5 |  619.2 |
               +--------+--------+--------+--------+--------+-----+--------+

Top non-repeatable levels by time:
     D:4: 882 daAuts
     D:3: 742 daAuts
     D:1: 647 daAuts
     D:2: 576 daAuts
     D:5: 249 daAuts

Table legend:
 A = Non-vault XP
 B = Vault XP
 C = Vault XP percentage of total XP
 D = Non-vault monster count
 E = Vault monster count
 F = Vault count percentage of total count
                 A         B        C        D         E       F
            +---------+---------+-------+---------+---------+-------
      Total |     968 |      36 |   3.6 |      93 |       1 |   1.1
            +---------+---------+-------+---------+---------+-------
        D:1 |      47 |       0 |   0.0 |      28 |       0 |   0.0
        D:2 |      61 |       0 |   0.0 |      20 |       0 |   0.0
        D:3 |     124 |       0 |   0.0 |      22 |       0 |   0.0
        D:4 |     271 |       0 |   0.0 |      16 |       0 |   0.0
        D:5 |     465 |      36 |   7.2 |       7 |       1 |  12.5
            +---------+---------+-------+---------+---------+-------
